 Dungeon Crawl Stone Soup version 0.19.4 (webtiles) character file.

141943 vatarom the Bludgeoner (level 17, -8/205 HPs)
             Began as an Ogre Berserker on Feb 3, 2017.
             Was a High Priest of Trog.
             Mangled by a tentacle (23 damage)
             ... attached to a kraken
             ... on level 3 of the Shoals.
             The game lasted 01:08:27 (26058 turns).

vatarom the Bludgeoner (Ogre Berserker)            Turns: 26058, Time: 01:08:28

Health: -8/205     AC: 16    Str: 30    XL:     17   Next: 34%
Magic:  22/22      EV: 20    Int:  8    God:    Trog [*****.]
Gold:   1584       SH:  3    Dex: 16    Spells: 0 memorised, 16 levels left

rFire  + . .     SeeInvis .     R - +11 great mace of Indomitability {flame, +Rage}
rCold  + + +     Gourm    .     q - +3 troll leather armour
rNeg   . . .     Faith    .     (shield currently unavailable)
rPois  +         Spirit   .     Y - +2 hat
rElec  .         Reflect  +     j - +2 cloak
rCorr  .         Harm     .     (gloves unavailable)
MR     ++...                    (boots unavailable)
Stlth  ++........               u - +3 amulet of reflection
                                T - ring of protection from fire
                                s - ring of Fiuklaet {rPois rC++}

@: mesmerised
A: unfitting armour, horns 1, talons 1, icy blue scales 1, thin skeletal
structure 1, agile 1, cold resistance 1, low mp 1, magic resistance 1, robust 1,
screaming 1, strong 2, tough skin 1, evolution 1
a: Berserk, Trog's Hand, Brothers in Arms, Burn Spellbooks, Renounce Religion,
Evoke Berserk Rage


You were on level 3 of the Shoals.
You worshipped Trog.
Trog was extremely pleased with you.
You were full.

You visited 6 branches of the dungeon, and saw 29 of its levels.
You also visited: Ossuary.

You collected 2099 gold pieces.
You spent 515 gold pieces at shops.

Inventory:

Hand Weapons
 R - the +11 great mace of Indomitability (weapon) {flame, +Rage}
   (Trog gifted it to you on level 6 of the Lair of Beasts)

   It has been specially enchanted to burn those struck by it, causing extra
   injury to most foes and up to half again as much damage against particularly
   susceptible opponents.
   It lets you go berserk.
Missiles
 c - 8 silver javelins (quivered)
 I - 4 tomahawks of returning
Armour
 j - a +2 cloak (worn)
 q - a +3 troll leather armour (worn)
 Y - a +2 hat (worn)
Jewellery
 s - the ring of Fiuklaet (left hand) {rPois rC++}
   (You found it on level 6 of the Dungeon)

   [ring of poison resistance]

   It greatly protects you from cold.
   It protects you from poison.
 u - a +3 amulet of reflection (around neck)
 C - an uncursed ring of teleportation
 T - a ring of protection from fire (right hand)
Wands
 a - a wand of teleportation (9/9)
 k - a wand of iceblast (0/15)
 n - a wand of hasting (7/9)
 G - a wand of digging (11/24)
 J - a wand of iceblast (12/15)
 L - a wand of lightning (15/15)
 S - a wand of acid (0/15)
 W - a wand of lightning (0/15)
 Z - a wand of teleportation (3/9)
Scrolls
 d - 2 scrolls of enchant weapon
 e - 4 scrolls of fog
 f - 7 scrolls of enchant armour
 o - 2 scrolls of fear
 r - 5 scrolls of teleportation
 t - 12 scrolls of remove curse
 z - 2 scrolls of recharging
 M - a scroll of identify
 N - 3 scrolls of magic mapping
Potions
 g - 5 potions of cancellation
 i - 5 potions of flight
 l - 6 potions of curing
 v - 5 potions of lignification
 w - a potion of ambrosia
 A - 2 potions of invisibility
 B - a potion of magic
 D - 2 potions of might
 E - a potion of berserk rage
 P - a potion of agility
 U - 2 potions of resistance {unknown}
Books
 h - a book of Cantrips

   Spells                             Type                      Level
   a - Confusing Touch                Hexes                        1
   b - Animate Skeleton               Necromancy                   1
   c - Summon Small Mammal            Summoning                    1
   d - Apportation                    Translocation                1
   Trog disapproves of the use of such an item.
 F - a book of Conjurations

   Spells                             Type                      Level
   a - Magic Dart                     Conjuration                  1
   b - Searing Ray                    Conjuration                  2
   c - Dazzling Spray                 Conjuration/Hexes            3
   d - Fulminant Prism                Conjuration/Hexes            4
   e - Iskenderun's Mystic Blast      Conjuration                  4
   f - Iskenderun's Battlesphere      Conjuration/Charms           5
   Trog disapproves of the use of such an item.
 O - a book of Air

   Spells                             Type                      Level
   a - Shock                          Conjuration/Air              1
   b - Swiftness                      Charms/Air                   2
   c - Repel Missiles                 Charms/Air                   2
   d - Static Discharge               Conjuration/Air              3
   e - Lightning Bolt                 Conjuration/Air              5
   Trog disapproves of the use of such an item.
 V - a book of Changes

   Spells                             Type                      Level
   a - Beastly Appendage              Transmutation                1
   b - Sticks to Snakes               Transmutation                2
   c - Spider Form                    Transmutation/Poison         3
   d - Ice Form                       Ice/Transmutation            4
   e - Blade Hands                    Transmutation                5
   Trog disapproves of the use of such an item.
Miscellaneous
 b - a box of beasts
 y - a sack of spiders
 Q - a fan of gales
 X - 2 phantom mirrors
Comestibles
 m - 2 meat rations
 p - a beef jerky
 x - 3 slices of pizza
 H - 3 fruits
 K - a bread ration


   Skills:
 + Level 16.1 Fighting
 - Level 17.3 Maces & Flails
 - Level 8.6 Throwing
 - Level 7.6 Armour
 * Level 15.5 Dodging
 - Level 11.1 Evocations


You had 16 spell levels left.
You didn't know any spells.

Dungeon Overview and Level Annotations

Branches:
Dungeon (15/15)            Temple (1/1) D:7            Lair (6/6) D:11
 Shoals (3/4) Lair:4       Spider (2/4) Lair:3        Slime (0/5) Lair:5
    Orc (2/2) D:11            Elf (0/3) Orc:2        Vaults (0/5) D:14
 Depths (0/5) D:15

Altars:
Ashenzari
Cheibriados
Dithmenos
Elyvilon
Fedhas
Gozag
Hepliaklqana
Kikubaaqudgha
Makhleb
Nemelex Xobeh
Okawaru
Qazlal
Ru
Sif Muna
Trog
Uskayaw
Vehumet
Xom
Yredelemnul
Zin
The Shining One
Jiyva

Shops:
D:10 *   D:12 ?   D:14 !   Orc:2 =([*

Portals:
Trove: D:11 (give 24 scrolls of identify)

Annotations:
D:5 exclusion: statue, Prince Ribbit
Lair:5 1 runed door


Innate Abilities, Weirdness & Mutations

You are too large for most types of armour.
You have tough skin. (AC +1)
You have a pair of small horns on your head.
You have sharp toenails.
You are partially covered in icy blue scales. (AC +2)
You have a somewhat thin skeletal structure. (Dex +2, Stealth)
You are agile. (Dex +2)
Your flesh is cold resistant. (rC+)
Your magical capacity is low. (-10% MP)
You are resistant to hostile enchantments. (MR+)
You are robust. (+10% HP)
You occasionally shout uncontrollably at your foes.
Your muscles are very strong. (Str +4)
You evolve.


Message History

A tentacle segment bursts forth from the water.
The merfolk impaler barely misses you.
The siren chants its luring song.
The merfolk hits you from afar with a glaive!
* * * LOW HITPOINT WARNING * * *
The water nymph touches you. The water nymph drowns you!
* * * LOW HITPOINT WARNING * * *
The merfolk impaler completely misses you.
As you read the scroll of fear, it crumbles to dust.
You assume a fearsome visage.
The siren resists with some effort.
The kraken easily resists.
The merfolk impaler looks frightened!
The merfolk looks frightened! x4; The tentacle is unaffected.
The manticore looks frightened!
The water nymph resists with some effort.
The tentacle is unaffected. x3; The tentacle segment is unaffected.
The tentacle closely misses you. The tentacle completely misses you.
The tentacle closely misses you. The tentacle slaps you.
* * * LOW HITPOINT WARNING * * *
The tentacle closely misses you. The tentacle slaps you!!
You die...

≈≈≈≈≈≈≈≈≈≈≈≈≈≈P
≈≈≈≈≈X≈≈≈≈≈≈≈≈≈
≈≈≈≈≈≈≈≈≈≈≈≈≈≈≈
≈≈≈≈≈≈≈≈..≈≈.
≈≈≈H≈≈≈≈....
≈≈≈≈≈≈≈m.≈#
≈..≈≈≈ww.##
≈...≈≈w@≈.#
....≈mwm≈...≈≈≈
##..≈m≈≈m≈≈≈≈≈≈
##.≈m≈m≈≈PP≈≈≈
....≈≈≈≈≈≈≈P≈≈
.....≈≈≈≈≈≈≈≈≈P
.....≈≈≈≈...≈≈P
(....≈≈≈.....≈#


You could see a kraken, a merfolk impaler (fleeing), 4 merfolk, a manticore
(fleeing), 4 tentacles, a siren and a water nymph.

Vanquished Creatures
  Gastronok (Lair:2)
  A ghost moth (Spider:1)
  An orc warlord (Orc:2)
  2 emperor scorpions
  Louise (Shoals:2)
  A dire elephant (Lair:6)
  An ettin (Orc:2)
  A merfolk javelineer (Shoals:1)
  2 vault guards (D:14)
  Erolcha (D:9)
  6 hydras
  A great orb of eyes (D:15)
  5 centaur warriors
  4 catoblepae
  A satyr (Shoals:2)
  2 ogre magi (D:15)
  11 death yaks
  A deep troll shaman (Lair:6)
  The ghost of itsmu the Geomancer, a novice FoEE of Gozag (D:8)
  4 orc high priests (Orc:2)
  A deep elf knight (Orc:2)
  6 sea snakes
  2 unseen horrors
  7 deep elf magi
  3 necromancers (D:14)
  9 hill giants
  A wolf spider zombie (D:15)
  9 harpies
  6 ugly things
  4 orc knights
  12 fauns (Shoals:2)
  A cyclops (Shoals:2)
  10 orc sorcerers
  7 wolf spiders
  7 orb spiders
  8 slime creatures
  5 manticores
  A siren (Shoals:2)
  7 elephants (Lair:6)
  A gargoyle (D:13)
  4 black mambas
  2 water nymphs (Shoals:1)
  A rime drake (Lair:4)
  14 spiny frogs
  10 demonic crawlers
  A freezing wraith (D:14)
  8 komodo dragons
  13 trolls
  3 wind drakes
  8 polar bears
  7 merfolk
  13 jumping spiders
  4 hornets
  5 dream sheep
  7 snapping turtles
  Grinder (D:5)
  9 hippogriffs
  8 two-headed ogres
  4 blink frogs (Lair:5)
  2 water elementals
  A vampire (D:15)
  22 redbacks
  12 spriggans (Lair:3)
  22 yaks
  20 humans
  13 tarantellas
  3 wyverns
  A wraith (D:14)
  2 basilisks
  A hungry ghost (D:13)
  A vampire mosquito (D:15)
  A mottled dragon (D:15)
  4 wargs
  9 water moccasins
  14 porcupines
  29 orc warriors
  2 phantoms
  4 ice beasts
  3 black bears
  2 necrophages
  3 sky beasts
  12 ogres
  3 boggarts (Lair:3)
  14 wolves
  21 centaurs
  14 crocodiles
  Blork the orc (D:4)
  17 bullfrogs
  3 water moccasin zombies (Ossuary)
  3 scorpions
  5 killer bees (D:7)
  4 wights (D:8)
  4 howler monkeys
  9 electric eels
  A vampire bat (Orc:2)
  5 crimson imps
  3 jellies
  2 centaur zombies
  3 bullfrog zombies
  15 orc priests
  Crazy Yiuf (D:2)
  7 hounds
  4 centaur skeletons
  Terence (D:3)
  3 bullfrog skeletons
  5 iguanas
  17 orc wizards
  10 worker ants
  A bullfrog simulacrum (D:11)
  3 big kobold zombies (Ossuary)
  4 centaur simulacra
  2 mummies (Ossuary)
  A howler monkey zombie (D:9)
  A worker ant zombie (D:5)
  11 adders
  6 shadow imps
  A river rat (D:11)
  2 white imps (D:11)
  An ooze (D:6)
  An adder skeleton (D:4)
  7 adder zombies
  A worm (D:4)
  4 dart slugs
  A leopard gecko (D:5)
  61 orcs
  A ball python (D:4)
  5 giant cockroaches
  2 gnoll zombies (Ossuary)
  5 goblins
  10 hobgoblins
  7 jackals
  6 kobolds
  6 quokkas
  22 bats
  8 frilled lizards
  3 hobgoblin zombies (Ossuary)
  A jackal skeleton (D:4)
  4 kobold zombies (Ossuary)
  A leopard gecko skeleton (D:7)
  6 orc zombies (Ossuary)
  A quokka skeleton (D:4)
  5 rats
  A fungus (Lair:2)
  2 plants (Shoals:1)
839 creatures vanquished.

Vanquished Creatures (collateral kills)
  Polyphemus (Shoals:2)
  A hydra (Lair:4)
  6 death yaks
  A manticore (D:15)
  An ugly thing (D:12)
  An efreet (D:15)
  A harpy zombie (D:15)
  3 dream sheep (Lair:6)
  6 yaks
  A vampire mosquito (D:15)
  A water moccasin (Lair:6)
  2 orc warriors (D:11)
  An ogre (D:7)
  3 centaurs (D:15)
  A wolf (Lair:6)
  A crocodile (Lair:2)
  A killer bee (D:7)
  An electric eel (D:11)
  A worker ant (D:7)
  9 orcs (D:11)
43 creatures vanquished.

Vanquished Creatures (others)
  A wolf spider (Spider:1)
  A jumping spider (Spider:1)
  A dream sheep (Shoals:2)
  A tarantella (Spider:2)
  A hungry ghost (D:11)
  18 fungi
  A plant (Lair:6)
  9 toadstools (Lair:4)
33 creatures vanquished.

Grand Total: 915 creatures vanquished

Notes
Turn   | Place    | Note
-------+----------+-------------------------------------------
     0 | D:1      | vatarom the Ogre Berserker began the quest for the Orb.
     0 | D:1      | Reached XP level 1. HP: 24/24 MP: 1/1
    68 | D:1      | Reached skill level 1 in Throwing
    68 | D:1      | Reached XP level 2. HP: 23/32 MP: 2/2
   477 | D:1      | Found a glowing golden altar of the Shining One.
   590 | D:2      | Reached ** piety under Trog
   597 | D:2      | Reached XP level 3. HP: 35/39 MP: 3/3
   608 | D:2      | Found a deep blue altar of Sif Muna.
   630 | D:2      | Gained mutation: Armour fits poorly on your strangely shaped body. [potion of mutation]
   630 | D:2      | Gained mutation: You occasionally shout uncontrollably at your foes. [potion of mutation]
   630 | D:2      | Gained mutation: You evolve. [potion of mutation]
   654 | D:2      | Found a blossoming altar of Fedhas.
   672 | D:2      | Gained mutation: You rapidly evolve. [potion of mutation]
   672 | D:2      | Gained mutation: You have sharp toenails. [potion of mutation]
   672 | D:2      | Gained mutation: Scrolls take you a little longer to read. [potion of mutation]
  1029 | D:2      | Gained mutation: You have a pair of small horns on your head. [evolution]
  1032 | D:2      | Reached XP level 4. HP: 46/48 MP: 4/4
  1037 | D:2      | Found a snail-covered altar of Cheibriados.
  1433 | D:2      | Found a runed door.
  1437 | D:2      | Noticed Crazy Yiuf
  1442 | D:2      | Killed Crazy Yiuf
  1442 | D:2      | Reached skill level 5 in Maces & Flails
  1606 | D:3      | Reached XP level 5. HP: 41/54 MP: 5/5
  1858 | D:3      | Noticed Terence
  1865 | D:3      | Killed Terence
  2032 | D:4      | Noticed Blork the orc
  2037 | D:4      | Killed Blork the orc
  2037 | D:4      | Reached XP level 6. HP: 47/62 MP: 6/6
  2086 | D:4      | Lost mutation: Scrolls take you a little longer to read. [evolution]
  2099 | D:4      | Found an ancient bone altar of Kikubaaqudgha.
  2286 | D:4      | Reached *** piety under Trog
  2314 | D:4      | Reached skill level 6 in Maces & Flails
  2710 | D:4      | Noticed a sky beast
  2717 | D:4      | Killed a sky beast
  2717 | D:4      | Reached XP level 7. HP: 50/70 MP: 7/7
  2722 | D:4      | Gained mutation: You have a somewhat thin skeletal structure. (Dex +2, Stealth) [mutagenic meat]
  2844 | D:5      | Entered Level 5 of the Dungeon
  2865 | D:5      | Got a garnet-studded leather armour
  3117 | D:5      | Reached skill level 7 in Maces & Flails
  3117 | D:5      | Reached skill level 5 in Dodging
  3273 | D:5      | Noticed Grinder
  3274 | D:5      | Found a basalt altar of Yredelemnul.
  3279 | D:5      | Killed Grinder
  3279 | D:5      | Reached XP level 8. HP: 78/78 MP: 8/8
  3322 | D:5      | Received a gift from Trog
  3383 | D:5      | Found a shattered altar of Ashenzari.
  3383 | D:5      | Found an iron altar of Okawaru.
  3388 | D:5      | Found a faded altar of an unknown god.
  3390 | D:5      | Found a faded altar of an unknown god.
  3392 | D:5      | Found a faded altar of an unknown god.
  3476 | D:5      | Noticed Prince Ribbit
  3555 | D:5      | Found a radiant altar of Vehumet.
  3636 | D:5      | Reached skill level 8 in Maces & Flails
  3725 | D:5      | Found a burning altar of Makhleb.
  3989 | D:6      | Got a glittering granite ring
  4204 | D:6      | Found a sand-covered staircase.
  4210 | Ossuary  | Entered an ossuary
  4256 | Ossuary  | Reached skill level 9 in Maces & Flails
  4491 | Ossuary  | Reached XP level 9. HP: 59/84 MP: 9/9
  4500 | Ossuary  | Reached **** piety under Trog
  4964 | Ossuary  | Identified the ring of Fiuklaet {rPois rC++} (You found it on level 6 of the Dungeon)
  5165 | D:7      | Gained mutation: You are partially covered in icy blue scales. (AC +2) [evolution]
  5517 | D:7      | Reached skill level 10 in Maces & Flails
  5859 | D:7      | Reached skill level 5 in Fighting
  5873 | D:7      | Gained mutation: Your magical capacity is low. (-10% MP) [mutagenic meat]
  5874 | D:7      | Gained mutation: You are dopey. (Int -2) [mutagenic meat]
  5876 | D:7      | Gained mutation: Your flesh is cold resistant. (rC+) [mutagenic meat]
  6059 | D:7      | Found an opulent altar of Gozag.
  6223 | D:7      | Found a staircase to the Ecumenical Temple.
  6258 | Temple   | Entered the Ecumenical Temple
  6428 | D:7      | Lost mutation: You rapidly evolve. [end of evolution]
  6597 | D:8      | Gained mutation: You are surrounded by a mild repulsion field. (EV +2) [potion of beneficial mutation]
  6757 | D:8      | You fall through a shaft for 3 floors!
  6810 | D:10     | Entered Level 10 of the Dungeon
  6853 | D:10     | Found Tiewnomn's Changing Room.
  6911 | D:9      | Noticed Erolcha
  7018 | D:9      | Reached XP level 10. HP: 102/102 MP: 9/9
  7168 | D:9      | Reached skill level 11 in Maces & Flails
  7937 | D:9      | Killed Erolcha
  7937 | D:9      | Reached skill level 10 in Fighting
  7986 | D:9      | Found a shadowy altar of Dithmenos.
  8018 | D:10     | Bought a potion of beneficial mutation for 420 gold pieces
  8154 | D:8      | Found a glowing golden altar of the Shining One.
  8190 | D:8      | Reached skill level 1 in Armour
  8285 | D:8      | Noticed itsmu's ghost (novice FoEE)
  8305 | D:8      | Killed itsmu's ghost
  8305 | D:8      | Reached skill level 12 in Maces & Flails
  8374 | D:8      | Gained mutation: Your muscles are strong. (Str +2) [potion of beneficial mutation]
  8507 | D:8      | Gained mutation: You are resistant to hostile enchantments. (MR+) [evolution]
  8667 | D:10     | Reached ***** piety under Trog
  8670 | D:10     | Received a gift from Trog
  8670 | D:10     | Reached XP level 11. HP: 88/118 MP: 9/9
  8742 | D:10     | Noticed a hill giant
  8750 | D:10     | Killed a hill giant
  8934 | D:10     | Noticed a hill giant
  8941 | D:10     | Killed a hill giant
  8941 | D:10     | Reached skill level 5 in Throwing
  9223 | D:11     | Noticed a hill giant
  9233 | D:11     | Killed a hill giant
  9233 | D:11     | Reached skill level 5 in Armour
  9260 | D:11     | Received a gift from Trog
  9420 | D:11     | Found a staircase to the Lair.
  9497 | D:11     | Found a staircase to the Orcish Mines.
  9598 | D:11     | Found a portal to a secret trove of treasure.
  9784 | D:11     | Noticed a four-headed hydra
  9788 | D:11     | Killed a four-headed hydra
  9788 | D:11     | Reached skill level 13 in Maces & Flails
  9803 | D:11     | Noticed a green ugly thing
  9809 | D:11     | Killed a green ugly thing
  9934 | D:11     | Noticed a deep elf mage
  9941 | D:11     | Killed a deep elf mage
  9977 | D:11     | Gained mutation: Your muscles are very strong. (Str +4) [potion of mutation]
 10247 | D:11     | Reached XP level 12. HP: 110/126 MP: 10/10
 10501 | D:12     | Received a gift from Trog
 10601 | D:12     | Found Beifreac's Magic Scroll Boutique.
 10618 | D:12     | Bought a scroll of identify for 20 gold pieces
 10618 | D:12     | Bought a scroll of enchant armour for 75 gold pieces
 10769 | D:12     | HP: 4/125 [cyan ugly thing (16)]
 10922 | Lair:1   | Entered Level 1 of the Lair of Beasts
 11006 | Lair:1   | Found a sparkling altar of Nemelex Xobeh.
 11062 | Lair:1   | Gained mutation: You are agile. (Dex +2) [evolution]
 11478 | Lair:2   | Noticed Gastronok
 11488 | Lair:2   | Killed Gastronok
 11488 | Lair:2   | Reached skill level 14 in Maces & Flails
 11515 | Lair:2   | Noticed an eight-headed hydra
 11536 | Lair:2   | Killed an eight-headed hydra
 11633 | Lair:2   | Noticed a death yak
 11635 | Lair:2   | Noticed a death yak
 11635 | Lair:2   | Noticed a death yak
 11649 | Lair:2   | Killed a death yak
 11654 | Lair:2   | Killed a death yak
 11658 | Lair:2   | Killed a death yak
 11864 | Lair:2   | You fall through a shaft!
 11925 | Lair:3   | Gained mutation: You are robust. (+10% HP) [potion of beneficial mutation]
 12075 | Lair:3   | Reached skill level 5 in Evocations
 12075 | Lair:3   | Reached XP level 13. HP: 102/145 MP: 13/15
 12287 | Lair:3   | Found a hole to the Spider Nest.
 12647 | Lair:3   | Reached skill level 15 in Maces & Flails
 12706 | Lair:3   | Received a gift from Trog
 12991 | Lair:4   | Found a staircase to the Shoals.
 13331 | Lair:4   | Found a runed door.
 14320 | Lair:5   | Reached skill level 16 in Maces & Flails
 14420 | Lair:5   | Found a runed door.
 14420 | Lair:5   | Found a viscous altar of Jiyva.
 14420 | Lair:5   | Noticed an azure jelly
 14422 | Lair:5   | Noticed an azure jelly
 14430 | Lair:5   | Found a staircase to the Slime Pits.
 14675 | Lair:5   | Reached XP level 14. HP: 156/156 MP: 18/18
 14764 | Lair:5   | Lost mutation: Armour fits poorly on your strangely shaped body. [evolution]
 14912 | Lair:6   | Entered Level 6 of the Lair of Beasts
 14939 | Lair:6   | Received a gift from Trog
 15190 | Lair:6   | Reached skill level 10 in Evocations
 15273 | Lair:6   | Noticed a dire elephant
 15282 | Lair:6   | Killed a dire elephant
 15333 | Lair:6   | Reached skill level 17 in Maces & Flails
 15697 | Lair:6   | Received a gift from Trog
 15700 | Lair:6   | Got a faintly glowing great mace {god gift}
 15701 | Lair:6   | Identified the +11 great mace of Indomitability {flame, +Rage} (Trog gifted it to you on level 6 of the Lair of Beasts)
 16347 | Orc:1    | Entered Level 1 of the Orcish Mines
 16761 | Orc:2    | Entered Level 2 of the Orcish Mines
 16957 | Orc:2    | Found Nuwnuon's Antique Armour Shop.
 16992 | Orc:2    | Noticed an orc warlord
 17109 | Orc:2    | Reached XP level 15. HP: 94/167 MP: 21/21
 17114 | Orc:2    | Received a gift from Trog
 17185 | Orc:2    | Reached skill level 10 in Dodging
 17199 | Orc:2    | Killed an orc warlord
 17272 | Orc:2    | Found Gacig's General Store.
 17373 | Orc:2    | Received a gift from Trog
 17517 | Orc:2    | Found Kicoqoed's Antique Weapon Emporium.
 17521 | Orc:2    | Found a staircase to the Elven Halls.
 17655 | Orc:2    | Received a gift from Trog
 17827 | Orc:2    | Found Ymon's Jewellery Emporium.
 19140 | D:14     | Found Ycout's Distillery.
 19325 | D:14     | Found a gate to the Vaults.
 20068 | D:15     | Entered Level 15 of the Dungeon
 20075 | D:14     | Received a gift from Trog
 20362 | D:15     | Found an iron altar of Okawaru.
 20394 | D:15     | Received a gift from Trog
 20649 | D:15     | Reached XP level 16. HP: 186/186 MP: 21/21
 20926 | D:15     | Found a staircase to the Depths.
 21373 | Spider:1 | Entered Level 1 of the Spider Nest
 21377 | Spider:1 | Found a frozen archway.
 21609 | Lair:3   | Received a gift from Trog
 22987 | Lair:3   | Lost mutation: You are dopey. (Int -2) [evolution]
 23423 | Spider:2 | HP: 4/191 [disintegration (44)]
 23428 | Spider:1 | HP: 9/191 [redback (4)]
 23793 | Spider:1 | Reached skill level 15 in Fighting
 23849 | Spider:2 | Received a gift from Trog
 24033 | Shoals:1 | Entered Level 1 of the Shoals
 24222 | Shoals:1 | Received a gift from Trog
 24812 | Shoals:2 | Reached XP level 17. HP: 150/202 MP: 22/22
 24833 | Shoals:2 | Noticed Louise
 24988 | Shoals:2 | Killed Louise
 25019 | Shoals:2 | Reached skill level 15 in Dodging
 25220 | Shoals:2 | Noticed Polyphemus
 25238 | Shoals:2 | Killed Polyphemus
 25495 | Shoals:2 | Lost mutation: You are surrounded by a mild repulsion field. (EV +2) [evolution]
 25514 | Shoals:2 | Received a gift from Trog
 26052 | Shoals:3 | Noticed a kraken
 26058 | Shoals:3 | Mangled by a tentacle

Skill      XL: |  1  2  3  4  5  6  7  8  9 10 11 12 13 14 15 16 17 |
---------------+----------------------------------------------------+-----
Throwing       | 1 2 3 4 7 8 |  8.6
Dodging        | 3 4 5 7 9 12 14 15 | 15.5
Maces & Flails | 5 6 7 9 10 12 13 14 16 17 | 17.3
Fighting       | 7 10 11 13 15 16 | 16.1
Armour         | 3 6 7 |  7.6
Evocations     | 5 9 11 | 11.1

Action                   |  1- 3 |  4- 6 |  7- 9 | 10-12 | 13-15 | 16-18 || total
-------------------------+-------+-------+-------+-------+-------+-------++-------
Melee: Mace              |    77 |    61 |       |       |       |       ||   138
       Kick              |     9 |    25 |   122 |   148 |   342 |   173 ||   819
       Headbutt          |       |    13 |    83 |   102 |   215 |   108 ||   521
       Flail             |       |    48 |   262 |       |       |       ||   310
       Giant spiked club |       |       |    91 |   411 |   396 |       ||   898
       Great mace        |       |       |       |       |   483 |   414 ||   897
Throw: Javelin           |       |     3 |     3 |    17 |    12 |    32 ||    67
       Large rock        |       |       |     2 |    11 |     6 |     9 ||    28
       Tomahawk          |       |       |       |     2 |     2 |     4 ||     8
Invok: Berserk           |     1 |     5 |     8 |    10 |     3 |     1 ||    28
       Trog's Hand       |       |       |     1 |       |     1 |     3 ||     5
       Brothers in Arms  |       |       |     2 |     6 |     7 |     1 ||    16
Evoke: Wand              |       |       |       |     1 |    12 |    19 ||    32
       Sack of spiders   |       |       |       |       |     3 |       ||     3
       Box of beasts     |       |       |       |       |     2 |       ||     2
  Use: Scroll            |     6 |     7 |    14 |     5 |    18 |     3 ||    53
       Potion            |     2 |     1 |     2 |     7 |       |     9 ||    21
 Stab: Sleeping          |       |     1 |     2 |     4 |     3 |     2 ||    12
       Petrified         |       |       |       |       |     7 |       ||     7
       Distracted        |       |       |       |       |     4 |       ||     4
  Eat: Fruit             |     2 |     2 |       |       |       |     2 ||     6
       Chunk             |       |     6 |     8 |     4 |     5 |     1 ||    24
       Bread ration      |       |       |     4 |     2 |     6 |     3 ||    15
       Pizza             |       |       |     2 |       |       |       ||     2
       Beef jerky        |       |       |     1 |       |     2 |     1 ||     4
       Meat ration       |       |       |       |     3 |     2 |       ||     5
Armor: Animal skin       |    33 |    31 |    96 |    64 |       |       ||   224
       Troll leather arm |       |       |       |    42 |   330 |   303 ||   675
Dodge: Dodged            |    40 |    63 |   248 |   466 |   871 |   919 ||  2607
Block: Other             |       |       |       |       |    31 |    98 ||   129
       Reflection        |       |       |       |       |     2 |     5 ||     7
